 Dungeon Sprint DCSS version 0.28.0-49-g6dfe1f597d (webtiles) character file.

Game seed: 2959931356336120849

25 Revguard the Cudgeller (level 2, 0/46 HPs)
             Began as a Troll Berserker on May 12, 2022.
             Was a Follower of Trog.
             Slain by an ogre
             ... wielding a +0 giant club
              (29 damage)
             ... in the Dungeon (Sprint I: "Red Sonja").
             The game lasted 00:00:50 (50 turns).

Revguard the Cudgeller (Troll Berserker)              Turns: 50, Time: 00:00:51

Health: 0/46       AC:  4    Str: 24    XL:     2   Next: 82%
Magic:  1/1        EV: 10    Int:  3    God:    Trog [*.....]
Gold:   0          SH:  0    Dex:  9    Spells: 1/1 levels left

rFire   . . .      SeeInvis .   a - +0 mace
rCold   . . .      Faith    .   (no shield)
rNeg    . . .      Spirit   .   b - +0 animal skin
rPois   .          Reflect  .   (helmet restricted)
rElec   .          Harm     .   (no cloak)
rCorr   .          Rampage  .   (gloves unavailable)
Will    .....      NoTele   +   (boots unavailable)
Stlth   ..........              (no amulet)
HPRegen 0.95/turn               (no ring)
MPRegen 0.07/turn               (no ring)

@: berserking, very quick
A: large, unfitting armour, claws 3, regeneration 1, shaggy fur 1, tough skin 1
a: Renounce Religion, Berserk


You were in the Dungeon.
You worshipped Trog.
Trog was aware of your devotion.
You visited 1 branch

Inventory:

Hand Weapons
 a - a +0 mace (weapon)
Armour
 b - a +0 animal skin (worn)
Wands
 i - a wand of flame (22)
Scrolls
 h - a scroll of blinking
Potions
 c - a potion of curing
 d - a potion of heal wounds
 e - a potion of haste
 f - 2 potions of magic
 g - a potion of berserk rage


   Skills:
 + Level 3.2 Fighting
 * Level 4.2 Maces & Flails
 + Level 1.8 Armour
 + Level 3.2 Dodging
 + Level 0.0 Evocations


You had one spell level left.
You didn't know any spells.
Your spell library was empty.

Dungeon Overview and Level Annotations

Branches:
Dungeon (1/1)

Altars:


Innate Abilities, Weirdness & Mutations

You are too large for most types of armour.
You have claws for hands.
Your natural rate of healing is unusually fast.
You are covered in fur. (AC +1)
You have tough skin. (AC +1)


Message History

You have reached level 2!
You feel a strong urge to attack something.
i - a wand of flame (22)
Things that are here:
a +0 club; a +0 ring mail You start resting.
You feel your anger nearly subside.
You are no longer berserk.
You are exhausted.
You feel yourself slow down.
You start resting.
HP restored.
You start waiting.
You feel yourself speed up.
Things that are here:
a +0 club; a +0 ring mail You open the door.
An ogre comes into view. It is wielding a +0 giant club.
The ogre shouts!
You close the door.
An ogre opens the door.
As you close the door, it creaks loudly!
An ogre opens the door.
You close the door.
An ogre opens the door.
You close the door.
An ogre breaks down the door.
It's broken and can't be closed.
It's broken and can't be closed.
There is an open door here.
You close the door.
An ogre opens the door.
You close the door.
You recover from your berserk rage.
An ogre opens the door.
A red film seems to cover your vision as you go berserk!
You feel yourself moving faster!
You feel mighty!
The ogre hits you with a +0 giant club!!
You sock the ogre!
The ogre is moderately wounded.
You sock the ogre!
The ogre is almost dead.
The ogre hits you with a +0 giant club!!
Ouch! That really hurt!
You die...

##########
#<.#.)'..#
#.@O..#..+
#..#### +#
#..# #..#
#..# #⌠⌠#
####


You could see an ogre.

Vanquished Creatures
  Ijyb (D)
1 creature vanquished.

Notes
Turn   | Place    | Note
-------+----------+-------------------------------------------
     0 | D        | Revguard the Troll Berserker began the quest for the Orb.
     0 | D        | Reached XP level 1. HP: 22/22 MP: 0/0
     2 | D        | Noticed Ijyb
     8 | D        | Killed Ijyb
     9 | D        | Reached skill level 4 in Maces & Flails
     9 | D        | Reached skill level 1 in Armour
     9 | D        | Reached XP level 2. HP: 31/31 MP: 1/1
    38 | D        | Noticed an ogre
    50 | D        | Slain by an ogre

Illustrated notes

Levels and vault maps discovered:
D:        dungeon_sprint_1 [red_sonja_temple_1, red_sonja_temple_small_1]

Skill      XL: |  1 |
---------------+----+-----
Fighting       | 3 |  3.2
Maces & Flails | 4 |  4.2
Armour         | 1 |  1.8
Dodging        | 3 |  3.2

Action                   || total
-------------------------++-------
Melee: Mace              ||     6
Invok: Berserk           ||     2
 Stab: Sleeping          ||     1
Dodge: Dodged            ||     3
